 Dungeon Crawl Stone Soup version 0.17.0-24-gcfadda4 (webtiles) character file.

53 Sorcv the Vexing (level 3, 0/24 HPs)
             Began as a Mummy Enchanter on Nov 15, 2015.
             Slain by a phantom (10 damage)
             ... on level 2 of the Dungeon.
             The game lasted 00:04:16 (1909 turns).

Sorcv the Vexing (Mummy Enchanter)                  Turns: 1909, Time: 00:04:16

Health: 0/24       AC:  3    Str: 11    XL:     3   Next: 62%
Magic:  0/6        EV: 12    Int: 14    God:
Gold:   140        SH:  0    Dex: 19    Spells: 3 memorised, 0 levels left

rFire  x . .     SeeInvis .     a - +1 dagger
rCold  + . .     Clarity  .     b - +1 robe
rNeg   + + +     SustAt   +     (no shield)
rPois  ∞         Gourm    .     (no helmet)
rElec  .         Spirit   +     (no cloak)
rCorr  .         Warding  .     (no gloves)
rMut   .         Stasis   .     (no boots)
MR     .....                    l - amulet of guardian spirit
Stlth  +++.......               k - +6 ring of dexterity
                                g - ring of sustain attributes

@: not resistant to hostile enchantments, fairly stealthy
A: no food or potions, fire vulnerability, cold resistance 1, negative energy
resistance 3, torment resistance, unbreathing
a: no special abilities


You were on level 2 of the Dungeon.
You were not hungry.

You visited 1 branch of the dungeon, and saw 3 of its levels.

You collected 140 gold pieces.

Inventory:

Hand Weapons
 a - a +1 dagger (weapon)
Armour
 b - a +1 robe (worn)
Jewellery
 g - a ring of sustain attributes (left hand)
 k - a +6 ring of dexterity (right hand)
 l - an amulet of guardian spirit (around neck)
Scrolls
 d - 2 scrolls of noise {unknown}
 e - 2 scrolls of fog {unknown}
 f - a scroll of fear {unknown}
 h - 3 scrolls of identify {unknown}
 i - 2 scrolls of remove curse {unknown}
 j - a scroll of immolation {unknown}
Books
 c - a book of Maledictions

   Spells                             Type                      Level
   a - Corona                         Hexes                        1
   b - Ensorcelled Hibernation        Hexes/Ice                    2
   c - Confuse                        Hexes                        3
   d - Tukima's Dance                 Hexes                        3
   e - Dazzling Spray                 Conjuration/Hexes            3


   Skills:
 - Level 0.7 Short Blades
 - Level 1.5 Dodging
 + Level 3.2 Stealth
 - Level 2.0 Spellcasting
 + Level 3.6 Hexes


You couldn't memorise any spells.
You knew the following spells:

 Your Spells              Type           Power        Failure   Level  Hunger
a - Corona                Hex            ##.....      6%          1    N/A
b - Ensorcelled Hibernat  Hex/Ice        #.....       21%         2    N/A
c - Confuse               Hex            ##......     17%         3    N/A

Dungeon Overview and Level Annotations

Branches:
Dungeon (3/15)

Altars:
Cheibriados
Kikubaaqudgha

Annotations:
D:3 Ijyb


Innate Abilities, Weirdness & Mutations

You do not eat or drink.
Your flesh is vulnerable to fire.
You are immune to poison.
Your flesh is cold resistant.
You are immune to negative energy.
You are immune to unholy pain and torment.
You can survive without breathing.


Message History

You puncture the phantom!
The phantom is heavily damaged.
You barely miss the phantom.
The phantom is heavily damaged.
The phantom hits you but does no damage.
You hit the phantom but do no damage.
The phantom is heavily damaged.
You hit the phantom.
The phantom is heavily damaged.
The phantom seems less confused.
The phantom blinks!
You hit the phantom.
The phantom is heavily damaged.
The phantom misses you.
You hit the phantom but do no damage.
The phantom is heavily damaged.
The phantom hits you.
You barely miss the phantom.
The phantom is heavily damaged.
The phantom hits you!
You die...

.........#.##†# #.........
...........##.# #.########
##.....######.# #.#
%.............# #.# #####
##....)######## #.# #.... #.....#
##### #.# #.... #.....# #...#
##'## #.... #...### #...# #...#
#.... #...# #..@# #...# #....
##...#########..W######..)####'##
.†............................>#
##...#########.....#####.......##
##...# #.%.#.# ####.#.... ######
#####.########.#.... #
#.#.....(#.#.... #
#.#......#.#.... #####
#........#.#....


You could see a phantom.

Vanquished Creatures
  A gnoll (D:1)
  A worm (D:2)
  2 ball pythons (D:1)
  5 bats
  4 goblins (D:1)
  6 hobgoblins
  10 jackals
  2 kobolds (D:1)
  A giant newt (D:1)
  6 rats
38 creatures vanquished.

Notes
Turn   | Place    | Note
--------------------------------------------------------------
     0 | D:1      | Sorcv the Mummy Enchanter began the quest for the Orb.
     0 | D:1      | Reached XP level 1. HP: 13/13 MP: 3/3
   453 | D:1      | Reached skill level 3 in Hexes
   493 | D:1      | Reached XP level 2. HP: 19/19 MP: 5/5
   497 | D:1      | Learned a level 2 spell: Ensorcelled Hibernation
   927 | D:1      | Reached XP level 3. HP: 18/24 MP: 2/6
  1324 | D:2      | Learned a level 3 spell: Confuse
  1365 | D:2      | Found an ancient bone altar of Kikubaaqudgha.
  1406 | D:2      | Found a snail-covered altar of Cheibriados.
  1846 | D:3      | Noticed a phantom
  1848 | D:3      | Noticed Ijyb
  1909 | D:2      | Slain by a phantom

Action                   || total
-------------------------++-------
Melee: Dagger            ||   167
 Cast: Ensorcelled Hiber ||     9
       Corona            ||     1
       Confuse           ||     2
 Stab: Sleeping          ||    12
       Confused          ||     1
